 Dungeon Crawl Stone Soup version 0.22.1-2-g9c5b331 (webtiles) character file.

4910 redwoodhats the Shield-Bearer (level 10, -4/83 HPs)
             Began as a Centaur Fighter on Nov 21, 2018.
             Was a Priest of Wu Jian.
             Slain by a spiny frog (20 damage)
             ... on level 1 of the Lair of Beasts.
             The game lasted 01:21:15 (11156 turns).

redwoodhats the Shield-Bearer (Centaur Fighter)    Turns: 11156, Time: 01:21:16

Health: -4/83      AC:  9    Str: 25      XL:     10   Next: 27%
Magic:  10/10      EV: 17    Int:  2 (5)  God:    Wu Jian [***...]
Gold:   174        SH:  0    Dex: 12      Spells: 9/9 levels left

rFire    . . .     SeeInvis +   T - +3 falchion "Rozxehit" {venom, rElec Str+3 Int-3 SInv}
rCold    . . .     Gourm    .   (no shield)
rNeg     . . .     Faith    .   Q - +2 leather armour {rPois}
rPois    +         Spirit   .   (no helmet)
rElec    +         Reflect  .   (no cloak)
rCorr    .         Harm     .   g - +1 pair of gloves
MR       .....                  (no barding)
Stlth    ++........             u - amulet of magic regeneration
HPRegen  0.23/turn              h - +2 ring of evasion
MPRegen  0.37/turn              e - +3 ring of evasion

@: very quick
A: large, hooves 3, thin skeletal structure 1, deformed body, speed 2, screaming
1, strong 1, tough skin 3, subdued magic 1
a: Wall Jump, Serpent's Lash, Renounce Religion


You were on level 1 of the Lair of Beasts.
You worshipped Wu Jian.
Wu Jian was most pleased with you.
You were very hungry.

You visited 3 branches of the dungeon, and saw 10 of its levels.

You collected 464 gold pieces.
You spent 290 gold pieces at shops.

Inventory:

Hand Weapons
 i - a +1 hunting sling
 m - a +1 rapier of freezing
 s - a +0 short sword of venom
 t - a +0 great sword
 w - a +4 quarterstaff of draining
 N - a +2 trident of protection
 P - a +0 war axe
 R - a +3 dagger
 T - the +3 falchion "Rozxehit" (weapon) {venom, rElec Str+3 Int-3 SInv}
   (You found it on level 6 of the Dungeon)

   It poisons the flesh of those it strikes.
   It affects your strength (+3).
   It affects your intelligence (-3).
   It insulates you from electricity.
   It lets you see invisible.
 U - a +0 shortbow
 X - a +1 whip of freezing
 Y - a +0 hunting sling
Missiles
 b - 63 sling bullets
 o - a throwing net
 p - 6 tomahawks (quivered)
 q - 105 stones
 V - 90 arrows
Armour
 c - a +1 shield
 g - a +1 pair of gloves (worn)
 k - a +1 plate armour
 r - a +2 pair of boots
 J - the +0 robe "Tonuysyod" {rC+++ Str+5 Dex-5}
   (You found it on level 4 of the Dungeon)

   It affects your strength (+5).
   It affects your dexterity (-5).
   It renders you almost immune to cold.
 Q - a +2 leather armour of poison resistance (worn)
Jewellery
 e - a +3 ring of evasion (right hand)
 h - a +2 ring of evasion (left hand)
 l - an uncursed ring of protection from fire
 u - an amulet of magic regeneration (around neck)
 I - an uncursed ring of protection from fire
 Z - an uncursed ring of stealth
Wands
 v - a wand of digging (11)
 E - a wand of random effects (25)
 F - a wand of paralysis (20)
 S - a wand of polymorph (16)
Scrolls
 a - 2 scrolls of blinking
 d - a scroll of amnesia {unknown}
 n - a scroll of remove curse
 x - a scroll of holy word
 H - 2 scrolls of teleportation
Potions
 K - a potion of cancellation
 L - 3 potions of brilliance
Comestibles
 f - 11 rations


   Skills:
 + Level 5.7 Fighting
 + Level 3.3(4.6) Short Blades
 + Level 4.8(5.3) Long Blades
 + Level 3.4(3.7) Axes
 + Level 2.0(3.0) Polearms
 + Level 3.2 Slings
 + Level 1.3 Bows
 + Level 0.4(2.0) Throwing
 + Level 3.6 Armour
 + Level 5.3 Dodging
 + Level 1.7 Stealth
 + Level 6.1 Shields


You had 9 spell levels left.
You didn't know any spells.
Your spell library contained the following spells:

 Spells                   Type           Power        Failure   Level  Hunger
 Corona                   Hex            #......      54%         1    ##.....
 Magic Dart               Conj           #...         54%         1    ##.....
 Blink                    Tloc           N/A          69%         2    ###....
 Call Imp                 Summ           #.......     69%         2    ###....
 Ensorcelled Hibernation  Hex/Ice        #.....       69%         2    ###....
 Slow                     Hex            #.......     69%         2    ###....
 Confuse                  Hex            #.......     89%         3    ####...
 Conjure Flame            Conj/Fire      #.......     89%         3    ####...
 Dazzling Spray           Conj/Hex       #.....       89%         3    ####...
 Inner Flame              Hex/Fire       #.......     89%         3    ####...
 Mephitic Cloud           Conj/Pois/Air  #.......     89%         3    ####...
 Portal Projectile        Hex/Tloc       #.....       89%         3    ####...
 Tukima's Dance           Hex            #.......     89%         3    ####...
 Cause Fear               Hex            #.........   100%        4    #####..
 Leda's Liquefaction      Hex/Erth       #.........   100%        4    #####..


Dungeon Overview and Level Annotations

Branches:
Dungeon (8/15)             Temple (1/1) D:7            Lair (1/6) D:8

Altars:
Ashenzari
Cheibriados
Dithmenos
Elyvilon
Fedhas
Gozag
Hepliaklqana
Kikubaaqudgha
Makhleb
Okawaru
Qazlal
Ru
Sif Muna
Trog
Uskayaw
Vehumet
Wu Jian
Xom
Yredelemnul
Zin
The Shining One

Shops:
D:5 *   D:8 ?

Annotations:
Lair:1 Fannar


Innate Abilities, Weirdness & Mutations

You have hooves in place of feet.
Armour fits poorly on your strangely shaped body.
You cover ground very quickly.
You have extremely tough skin. (AC +3)
You have a somewhat thin skeletal structure. (Dex +2, Stealth)
You occasionally shout uncontrollably at your foes.
Your muscles are strong. (Str +2)
Your spells are a little easier to cast, but a little less powerful.


Message History

The wolf bites you!
* * * LOW HITPOINT WARNING * * *
You hit the wolf.
You kill the wolf!
The Council accepts your kill.
You feel your dexterity returning.
Your base Polearms skill increases to level 2!
The spiny frog stings you.
* * * LOW HITPOINT WARNING * * *
You closely miss the spiny frog.
You kick the spiny frog, but do no damage.
The spiny frog is moderately wounded.
The spiny frog misses you.
You slash the spiny frog! You kick the spiny frog!
The spiny frog is almost dead.
The spiny frog barely misses you.
You riposte.
You completely miss the spiny frog.
The spiny frog is almost dead.
The spiny frog stings you!!
You die...

####
##..######
#.........
##@†......
#F.......
#........
#........
#........
#........
#........
#........
#........


You could see a spiny frog.

Vanquished Creatures
  3 komodo dragons (Lair:1)
  The ghost of buskinjo the Quickloader, a novice KoHu (D:4)
  A yak (Lair:1)
  Eustachio (D:4)
  4 fire bats (D:8)
  A porcupine (Lair:1)
  An orc warrior (D:8)
  2 ice beasts
  2 sky beasts
  A phantom (D:4)
  A centaur (D:7)
  5 ogres
  3 wolves (Lair:1)
  6 bullfrogs
  2 big kobolds (D:8)
  A scorpion (D:8)
  2 vampire bats (D:6)
  A wight (D:6)
  An electric eel (D:6)
  3 crimson imps
  3 jellies
  2 lava snakes (D:8)
  4 hounds
  2 bullfrog skeletons
  An iguana (D:8)
  An orc wizard (D:8)
  9 worker ants
  A hound zombie (D:5)
  2 hound skeletons
  A howler monkey zombie (D:6)
  3 gnolls (D:3)
  8 adders
  3 shadow imps
  2 oozes
  An adder zombie (D:5)
  2 adder skeletons
  2 worms
  A dart slug (D:1)
  7 leopard geckos
  20 orcs
  14 bats
  3 giant cockroaches
  5 hobgoblins (D:1)
  14 kobolds
  2 quokkas
  8 frilled lizards
  A giant cockroach zombie (D:6)
  8 goblins (D:1)
  A jackal skeleton (D:6)
  A leopard gecko zombie (D:5)
  5 rats
  2 fire vortices (D:8)
181 creatures vanquished.

Vanquished Creatures (others)
  A giant cockroach (D:8)
  2 plants (Lair:1)
3 creatures vanquished.

Grand Total: 184 creatures vanquished

Notes
Turn   | Place    | Note
-------+----------+-------------------------------------------
     0 | D:1      | redwoodhats the Centaur Fighter began the quest for the
                  | Orb.
     0 | D:1      | Reached XP level 1. HP: 19/19 MP: 1/1
   367 | D:1      | Reached XP level 2. HP: 26/26 MP: 2/2
   665 | D:1      | You fall through a shaft!
   687 | D:2      | Found a radiant altar of Vehumet.
   751 | D:2      | Reached XP level 3. HP: 15/31 MP: 3/3
   915 | D:2      | Found a snail-covered altar of Cheibriados.
   954 | D:2      | Found a bloodstained altar of Trog.
  1504 | D:2      | Found a glowing silver altar of Zin.
  1572 | D:2      | Found an ornate altar of the Wu Jian Council.
  1591 | D:2      | Became a worshipper of the Wu Jian Council
  1792 | D:2      | Found a stormy altar of Qazlal.
  2078 | D:3      | Reached XP level 4. HP: 29/38 MP: 4/4
  2081 | D:3      | Found a glowing golden altar of the Shining One.
  2085 | D:3      | Noticed an angel
  2098 | D:3      | Found a basalt altar of Yredelemnul.
  2100 | D:3      | Noticed a profane servitor
  2736 | D:4      | Noticed a phantom
  2753 | D:4      | Killed a phantom
  2753 | D:4      | Reached skill level 1 in Long Blades
  2753 | D:4      | Reached skill level 1 in Slings
  2753 | D:4      | Reached skill level 3 in Shields
  2753 | D:4      | Reached XP level 5. HP: 45/45 MP: 5/5
  2833 | D:4      | Found a transporter.
  2833 | D:4      | Noticed buskinjo's ghost (novice KoHu)
  2838 | D:4      | Found a transporter.
  3004 | D:4      | Reached XP level 6. HP: 28/51 MP: 6/6
  3151 | D:4      | Noticed Eustachio
  3162 | D:4      | Killed Eustachio
  3162 | D:4      | Reached skill level 1 in Dodging
  3166 | D:4      | Reached * piety under Wu Jian
  3420 | D:4      | Reached XP level 7. HP: 26/59 MP: 7/7
  3737 | D:4      | Got a twisted robe
  3770 | D:4      | Identified the +0 robe "Tonuysyod" {rC+++ Str+5 Dex-5} (You
                  | found it on level 4 of the Dungeon)
  3905 | D:4      | Killed buskinjo's ghost
  3905 | D:4      | Reached skill level 1 in Short Blades
  4136 | D:5      | Entered Level 5 of the Dungeon
  4193 | D:5      | Found an opulent altar of Gozag.
  4230 | D:5      | Found Biv Juiman's General Store.
  4243 | D:5      | Bought a scroll of identify for 28 gold pieces
  4458 | D:5      | Found a hide-covered altar of Uskayaw.
  4500 | D:5      | Reached XP level 8. HP: 54/67 MP: 8/8
  5216 | D:6      | Reached ** piety under Wu Jian
  5408 | D:6      | Reached skill level 4 in Shields
  6474 | D:6      | Got a transparent falchion
  6499 | D:6      | Reached skill level 5 in Fighting
  6983 | D:6      | Identified the cursed +3 falchion "Rozxehit" {venom, rElec
                  | Str+3 Int-3 SInv} (You found it on level 6 of the Dungeon)
  7027 | D:7      | Reached XP level 9. HP: 74/74 MP: 9/9
  7105 | D:7      | Reached skill level 5 in Shields
  7245 | D:7      | Found a staircase to the Ecumenical Temple.
  7925 | D:7      | Gained mutation: Your spells are a little easier to cast,
                  | but a little less powerful. [potion of mutation]
  7925 | D:7      | Gained mutation: Your muscles are strong. (Str +2) [potion
                  | of mutation]
  7925 | D:7      | Gained mutation: You occasionally shout uncontrollably at
                  | your foes. [potion of mutation]
  7925 | D:7      | Gained mutation: You have a somewhat thin skeletal
                  | structure. (Dex +2, Stealth) [potion of mutation]
  8244 | Temple   | Entered the Ecumenical Temple
  8634 | D:8      | Reached *** piety under Wu Jian
  8634 | D:8      | Reached skill level 1 in Stealth
  8688 | D:8      | Found a shattered altar of Ashenzari.
  8879 | D:8      | Reached skill level 5 in Dodging
  9218 | D:8      | Found a blossoming altar of Fedhas.
  9411 | D:8      | Found a staircase to the Lair.
  9498 | D:8      | Found Juug's Magic Scroll Boutique.
  9512 | D:8      | Bought a scroll of identify for 30 gold pieces
  9512 | D:8      | Bought a scroll of remove curse for 45 gold pieces
  9512 | D:8      | Bought a scroll of identify for 30 gold pieces
  9512 | D:8      | Bought a scroll of remove curse for 45 gold pieces
  9512 | D:8      | Bought a scroll of holy word for 112 gold pieces
 10238 | Lair:1   | Entered Level 1 of the Lair of Beasts
 10262 | Lair:1   | Noticed a komodo dragon
 10273 | Lair:1   | Killed a komodo dragon
 10273 | Lair:1   | Reached XP level 10. HP: 57/81 MP: 10/10
 10341 | Lair:1   | Reached skill level 1 in Polearms
 10341 | Lair:1   | Reached skill level 6 in Shields
 10820 | Lair:1   | Noticed Fannar
 10933 | Lair:1   | Noticed a spiny frog
 11152 | Lair:1   | Reached skill level 1 in Bows
 11156 | Lair:1   | Slain by a spiny frog

Skill      XL: |  1  2  3  4  5  6  7  8  9 10 |
---------------+-------------------------------+-----
Axes           | 2 3 |  3.4
Long Blades    | 1 2 4 |  4.8
Slings         | 1 2 3 |  3.2
Shields        | 3 4 5 6 |  6.1
Armour         | 3 |  3.6
Dodging        | 1 2 3 5 |  5.3
Fighting       | 4 5 |  5.7
Short Blades   | 1 2 3 |  3.3
Stealth        | 1 |  1.7
Polearms       | 2 |  2.0
Bows           | 1 |  1.3
Throwing       | |  0.4

Action                   |  1- 3 |  4- 6 |  7- 9 | 10-12 || total
-------------------------+-------+-------+-------+-------++-------
Melee: War axe           |   153 |     5 |       |       ||   158
       Kick              |    23 |    27 |   206 |    26 ||   282
       Trident           |    14 |       |    19 |    37 ||    70
       Great sword       |     2 |    15 |       |       ||    17
       Dagger            |       |    81 |   619 |       ||   700
       Falchion          |       |       |   110 |    10 ||   120
       Whip              |       |       |       |    25 ||    25
       Shortbow          |       |       |       |     3 ||     3
 Fire: Hunting sling     |     7 |     7 |       |    16 ||    30
       Shortbow          |       |       |       |    20 ||    20
Throw: Tomahawk          |       |       |     2 |       ||     2
Invok: Lunge             |     3 |     5 |    35 |     1 ||    44
       Whirlwind         |       |     2 |    47 |     9 ||    58
       Wall Jump         |       |       |    33 |       ||    33
  Use: Scroll            |     7 |     4 |    17 |       ||    28
       Potion            |     2 |     3 |    15 |       ||    20
 Stab: Sleeping          |       |       |     1 |       ||     1
  Eat: Chunk             |     3 |       |     3 |       ||     6
       Ration            |       |     1 |     5 |       ||     6
Armor: Scale mail        |    70 |       |       |       ||    70
       Plate armour      |    42 |    12 |    38 |       ||    92
       Skin              |       |    18 |    60 |       ||    78
       Robe              |       |       |    67 |       ||    67
       Leather armour    |       |       |     2 |    27 ||    29
Dodge: Dodged            |    43 |    51 |   315 |    55 ||   464
Block: Shield            |   101 |     1 |   327 |    14 ||   443
       Rpst.: Great sword |       |     5 |       |       ||     5
       Falchion          |       |       |    21 |     6 ||    27
